 Dungeon Crawl Stone Soup version 0.32-a0-576-g706899e69d (webtiles) character file.

Game seed: 2791983702840265721

254 BeKind the Chiller (level 6, -9/61 HPs)
             Began as an Octopode Ice Elementalist on Mar 2, 2024.
             Mangled by an ogre
             ... wielding a +0 giant club
              (18 damage)
             ... on level 4 of the Dungeon.
             The game lasted 00:05:11 (2543 turns).

BeKind the Chiller (Octopode Ice Elementalist)      Turns: 2543, Time: 00:05:12

Health: -9/61      AC: 23    Str: 10    XL:     6   Next: 14%
Magic:  17/19      EV:  2    Int: 17    God:
Gold:   115        SH:  0    Dex: 12    Spells: 7/11 levels left

rFire   . . .        d - +1 dagger (elec)
rCold   + . .        (no shield)
rNeg    . . .        (helmet currently unavailable)
rPois   +            c - amulet of regeneration
rElec   .            e - ring of protection from cold
rCorr   .            i - ring of magical power
SInv    .            (no ring)
Will    .....        (no ring)
Stlth   ++           (no ring)
HPRegen 1.10/turn    (no ring)
MPRegen 0.16/turn    (no ring)
                     (no ring)

%: no passive effects
@: tree-form
A: stationary, stasis, torment immunity, boosted hp, almost no armour,
(amphibious), 8 rings, (camouflage 1), (gelatinous body 1), (nimble swimmer 1),
(tentacles)
a: no special abilities


You were on level 4 of the Dungeon.
You were a tree.
You visited 1 branch of the dungeon, and saw 4 of its levels.

You collected 115 gold pieces.

Inventory:

Hand Weapons
 d - a +1 dagger of electrocution (weapon)
Jewellery
 c - an amulet of regeneration (around neck)
 e - a ring of protection from cold (left branch)
 i - a ring of magical power (right branch)
Wands
 k - a wand of polymorph (9)
Scrolls
 h - a scroll of immolation {unknown}
 j - 4 scrolls of identify {unknown}
 l - 2 scrolls of enchant armour
Potions
 a - a potion of magic
 b - 2 potions of lignification
 f - a potion of haste {unknown}
 g - 2 potions of heal wounds {unknown}
 m - a potion of attraction {unknown}


   Skills:
 + Level 2.4 Fighting
 + Level 3.5 Dodging
 - Level 3.0 Stealth
 + Level 3.3 Spellcasting
 + Level 5.0 Ice Magic


You had 7 spell levels left.
You knew the following spells:

 Your Spells              Type           Power      Damage    Failure   Level
a - Freeze                Ice            76%        1d8       2%          1
b - Frozen Ramparts       Ice            38%        1d6       6%          3

Your spell library contained the following spells:

 Spells                   Type           Power      Damage    Failure   Level
 Ozocubu's Armour         Ice            19%        N/A       6%          3
 Magic Dart               Conj           8%         1d3       17%         1
 Sandblast                Erth           4%         2d4       17%         1
 Summon Ice Beast         Ice/Summ       11%        N/A       19%         3
 Searing Ray              Conj           4%         2d4       26%         2
 Passwall                 Erth           2%         N/A       45%         3
 Stone Arrow              Conj/Erth      4%         3d7       45%         3
 Brom's Barrelling Bould  Conj/Erth      2%         2d3       86%         4
 Fulminant Prism          Conj/Alch      1%         3d5       86%         4


Dungeon Overview and Level Annotations

Branches:
Dungeon (4/15)
 Temple: D:4-7

Altars:
Zin

Shops:
D:3 *


Innate Abilities, Weirdness & Mutations

You are a tree.
Your roots penetrate the ground, keeping you stationary.
You cannot be teleported.
You are immune to unholy pain and torment.
Your maximum health is greatly increased.
You cannot wear most types of armour.
((You are amphibious.))
You can wear up to eight rings at the same time.
((Your skin changes colour to match your surroundings (Stealth+).))
((Your rubbery body absorbs attacks. (AC +1, EV +1)))
((You are camouflaged when in or above water. (Stealth+)))
((You have tentacles for arms and can constrict up to eight enemies at once.))


Message History

An ogre comes into view. It is wielding a +0 giant club.
The kobold throws a stone.
The stone barely misses you.
You see here a +0 dagger.
Unknown command.
Found a runed leather armour.
The kobold barely misses you.
The ogre shouts!
You hit the kobold.
You kill the kobold!
Unknown command.
Things that are here:
15 gold pieces; a +0 short sword; a stone The ogre hits you with a +0 giant club!!
Ouch! That really hurt!
* * * LOW HITPOINT WARNING * * *
You are too injured to fight recklessly!
You are too injured to fight recklessly!
You are too injured to fight recklessly!
You are too injured to fight recklessly!
Okay, then.
It was a potion of lignification.
You turn into a tree.
Your roots penetrate the ground.
The ogre hits you but does no damage.
Casting: Freeze (safe; 2% risk of failure)
Confirm with . or Enter, or press ? or * to list all spells.
Aiming: Freeze (safe; 2% risk of failure)
Press: ? - help, Shift-Dir - straight line, f - ogre
Aim: an ogre, wielding a +0 giant club You freeze the ogre!
The ogre is moderately wounded.
Casting: Freeze (safe; 2% risk of failure)
Confirm with . or Enter, or press ? or * to list all spells.
Aiming: Freeze (safe; 2% risk of failure)
Press: ? - help, Shift-Dir - straight line, f/p - ogre
Aim: an ogre, wielding a +0 giant club (moderately wounded)
You freeze the ogre.
The ogre is heavily wounded.
The ogre hits you but does no damage.
You hit the ogre.
The ogre is heavily wounded.
The ogre hits you with a +0 giant club!!
You die...

#.....#.###....#
##.....### ##...#
#.......# #....
#...>...## .....
#........###.# ..
#.......)....##
#.....?.....?..##
#........$.......
#..#.....♣.......
#..#.....O...^...
.........#.....
........#......
...............
...[...........
...............
..............


You could see an ogre.

Vanquished Creatures
  Sigmund (D:2)
  A sleepcap (D:4)
  An adder (D:3)
  A dart slug (D:3)
  6 ball pythons
  An endoplasm (D:1)
  3 giant cockroaches
  3 goblins
  7 hobgoblins
  4 quokkas
  7 bats
  A frilled lizard (D:1)
  7 kobolds
  6 rats
49 creatures vanquished.

Notes
Turn   | Place    | Note
-------+----------+-------------------------------------------
     0 | D:1      | BeKind the Octopode Ice Elementalist began the quest for
                  | the Orb.
     0 | D:1      | Reached XP level 1. HP: 11/11 MP: 3/3
     2 | D:1      | Noticed an octopode
     2 | D:1      | Noticed a demonspawn
     4 | D:1      | Noticed a draconian
     4 | D:1      | Noticed an oni
     6 | D:1      | Noticed a dwarf
     6 | D:1      | Noticed a tengu
     8 | D:1      | Noticed a minotaur
     8 | D:1      | Noticed a gargoyle
    10 | D:1      | Noticed a demigod
    12 | D:1      | Noticed a vampire
    12 | D:1      | Noticed a vine stalker
    14 | D:1      | Noticed a merfolk
    16 | D:1      | Noticed a felid
    18 | D:1      | Noticed a naga
    20 | D:1      | Noticed an elf
    20 | D:1      | Noticed a formicid
    22 | D:1      | Noticed a barachi
    22 | D:1      | Noticed a ghoul
    24 | D:1      | Noticed a djinni
    24 | D:1      | Noticed a spriggan
    26 | D:1      | Noticed a troll
    26 | D:1      | Noticed a human
    28 | D:1      | Noticed an armataur
   217 | D:1      | Reached XP level 2. HP: 16/17 MP: 1/5
   635 | D:1      | You fall into a shaft and drop 1 floor!
   695 | D:2      | Reached XP level 3. HP: 22/22 MP: 6/6
   809 | D:2      | Learned a level 3 spell: Frozen Ramparts
   902 | D:2      | Noticed Sigmund
   951 | D:2      | Killed Sigmund
   952 | D:2      | Reached XP level 4. HP: 23/29 MP: 0/8
   952 | D:2      | Reached XP level 5. HP: 27/34 MP: 0/9
  1258 | D:2      | Found a faded altar of an unknown god.
  1818 | D:3      | Found Zin's Purification Station.
  1824 | D:3      | Found a glowing silver altar of Zin.
  1921 | D:3      | Reached XP level 6. HP: 40/40 MP: 10/10
  2533 | D:4      | Reached skill level 5 in Ice Magic
  2543 | D:4      | Mangled by an ogre

Illustrated notes

Levels and vault maps discovered:
D:1:      kb_arrival_jail, layout_loops_ring, kennysheep_another_room,
          grunt_decor_mini_mirrors
D:2:      layout_basic, ebering_ecumenical_altar_webs,
          kennysheep_generic_room_9, uniq_sigmund
D:3:      layout_basic, zin_purify
D:4:      cheibrodos_fertilizer, layout_layer_cave, enter_ossuary_5,
          serial_shops, shop, minmay_ruptured

Skill      XL: |  1  2  3  4  5  6 |
---------------+-------------------+-----
Stealth        | 3 |  3.0
Fighting       | 2 |  2.4
Dodging        | 3 |  3.5
Spellcasting   | 3 |  3.3
Ice Magic      | 5 |  5.0

Action                     |  1- 3 |  4- 6 || total
---------------------------+-------+-------++-------
  Melee: Constrict         |     5 |     7 ||    12
         Dagger            |     9 |    17 ||    26
         Tentacles         |     3 |     1 ||     4
         Unarmed           |     1 |     7 ||     8
   Cast: Freeze            |    24 |    23 ||    47
         Frozen Ramparts   |     3 |       ||     3
    Use: Scroll            |       |     1 ||     1
         Potion            |       |     1 ||     1
   Stab: Sleeping          |     1 |     2 ||     3
 Armour: Skin              |    19 |    27 ||    46
  Dodge: Dodged            |    21 |    21 ||    42

Table legend: (Time is in decaauts)
 A = Elapsed time spent in this place.
 B = Non-inter-level travel time spent in this place.
 C = Inter-level travel time spent in this place.
 D = Time resting spent in this place.
 E = Time spent auto-exploring this place.
 F = Levels seen in this place.
 G = Mean time per level.
                   A        B        C        D        E       F      G
               +--------+--------+--------+--------+--------+-----+--------+
         Total |   2536 |   2271 |    265 |      0 |   1880 |   4 |  634.0 |
       Dungeon |   2536 |   2271 |    265 |      0 |   1880 |   4 |  634.0 |
               +--------+--------+--------+--------+--------+-----+--------+

Top non-repeatable levels by time:
     D:2: 1102 daAuts
     D:3: 758 daAuts
     D:1: 633 daAuts
     D:4: 42 daAuts
